 Dungeon Crawl Stone Soup version 0.30.1-11-g7821555f0a (webtiles) character file.

Game seed: 5614816801932967845

7 KyoPewz the Sneak (level 1, 0/7 HPs)
             Began as a Felid Enchanter on Jan 6, 2024.
             Hit by a stone thrown by a kobold (1 damage)
             ... on level 1 of the Dungeon.
             The game lasted 00:00:41 (136 turns).

KyoPewz the Sneak (Felid Enchanter)                  Turns: 136, Time: 00:00:42

Health: 0/7        AC:  1    Str:  4    XL:     1   Next: 83%
Magic:  4/4        EV: 17    Int: 16    God:
Gold:   6          SH:  0    Dex: 16    Spells: 4/4 levels left
                                        Lives:  0   Deaths: 0

rFire   . .          .
                       - Unarmed
rCold   . . .        (shield unavailable)
rNeg    . . .        (body armour unavailable)
rPois   .            (helmet unavailable)
rElec   .            (cloak unavailable)
rCorr   .            (gloves unavailable)
SInv    +            (boots unavailable)
Will    .....        (no amulet)
Stlth   +++          (no ring)
HPRegen 0.21/turn    (no ring)
MPRegen 0.09/turn

%: no passive effects
@: quick
A: very small, claws 1, fangs 3, see invisible, speed 1, shaggy fur 1, stealthy
paws, no weapons or thrown items, no armour, multi-lived
a: no special abilities


You were on level 1 of the Dungeon.
You visited 1 branch of the dungeon, and saw 1 of its levels.

You collected 6 gold pieces.

Inventory:

Potions
 a - 2 potions of invisibility


   Skills:
 - Level 2.6 Dodging
 + Level 4.8 Stealth
 - Level 1.0 Unarmed Combat
 - Level 2.0 Spellcasting
 - Level 4.4 Hexes


You had 4 spell levels left.
You didn't know any spells.
Your spell library contained the following spells:

 Spells                   Type           Power      Damage    Failure   Level
 Confusing Touch          Hex            15%        N/A       11%         3
 Tukima's Dance           Hex            15%        N/A       11%         3
 Ensorcelled Hibernation  Hex/Ice        16%        N/A       13%         2
 Dazzling Flash           Conj/Hex       16%        N/A       26%         3


Dungeon Overview and Level Annotations

Branches:
Dungeon (1/15)

Altars:


Innate Abilities, Weirdness & Mutations

You have sharp claws.
You have razor-sharp teeth.
You have supernaturally acute eyesight. (SInv)
You cover ground quickly. (Speed+)
You are covered in fur. (AC +1)
Your paws help you pounce on unaware monsters.
You are incapable of wielding weapons or throwing items.
You cannot wear armour.
You gain extra lives every three experience levels.


Message History

The jackal misses you.
You scratch the jackal but do no damage.
The jackal is heavily wounded.
The jackal bites you.
You take 3 damage, and have 3/7 hp.
MASSIVE DAMAGE!!
You are too injured to fight recklessly!
You are too injured to fight recklessly!
You miss the jackal.
The jackal is heavily wounded.
The jackal closely misses you. The jackal bites you.
* * * LOW HITPOINT WARNING * * *
You take 1 damage, and have 2/7 hp.
Press: ? - help, v - describe, . - travel
Here: a jackal (heavily wounded)
The floor.
You scratch the jackal.
You kill the jackal!
A kobold is nearby!
You see here a jackal corpse.
Things that are here:
a +0 leather armour; a jackal corpse A frilled lizard comes into view.
Found 8 stones.
Found a stone staircase leading down.
The frilled lizard hisses angrily.
The kobold hits you with a +0 whip.
A hobgoblin comes into view.
You take 3 damage, and have 3/7 hp.
MASSIVE DAMAGE!!
The kobold throws a stone.
The stone barely misses you.
The kobold throws a stone.
The stone barely misses you.
You closely miss the kobold.
You scratch the kobold but do no damage.
The kobold misses you.
You scratch the kobold but do no damage.
Your bite misses the kobold. The kobold hits you with a +0 whip.
Ouch! That really hurt!
* * * LOW HITPOINT WARNING * * *
You take 4 damage, and have 1/7 hp.
MASSIVE DAMAGE!!
The kobold throws a stone.
The stone misses you.
The kobold throws a stone.
The stone hits you.
You die...

.##.............##........######
#...####.####)#.#.###.#.......
#........l....##........##.###
#............l###...#.####.#
#...####[####g# ##....# #.# #...
#†# #K# #.#.## #.# #.#. #.# #.#
#.#.# #.# #.#. #.# #.# #.#.# #.#
#.# #@# #.#.# #.# #.# #.# #.#.#
#.# #.# #.# #.#.. ..# #.# #.#..
### #.# #.#.. #.# #.. ...


You could see a hobgoblin, a kobold and a frilled lizard.

Vanquished Creatures
  A giant cockroach (D:1)
  3 jackals (D:1)
  A ball python (D:1)
  A bat (D:1)
6 creatures vanquished.

Notes
Turn   | Place    | Note
-------+----------+-------------------------------------------
     0 | D:1      | KyoPewz the Felid Enchanter began the quest for the Orb.
     0 | D:1      | Reached XP level 1. HP: 7/7 MP: 4/4
   136 | D:1      | Hit by a stone thrown by a kobold

Illustrated notes

Levels and vault maps discovered:
D:1:      dpeg_arrival_prison, layout_loops_ring, serial_shops, shop,
          nicolae_shop_tiny_waterfront, nicolae_shop_statue_plus,
          nicolae_square_shop

Action                     || total
---------------------------++-------
  Melee: Unarmed           ||    27
         Bite              ||     1
   Stab: Sleeping          ||     1
 Armour: Skin              ||     2
  Dodge: Dodged            ||    26
